 Dungeon Crawl Stone Soup version 0.17-a0-1802-g9847487 (console) character file.

427 Illiel the Sneak (level 6, -2/36 HPs)
             Began as a High Elf Enchanter on Sept 11, 2015.
             Was a Follower of Okawaru.
             Slain by an iguana (11 damage)
             ... on level 4 of the Dungeon.
             The game lasted 00:21:23 (3664 turns).

Illiel the Sneak (High Elf Enchanter)               Turns: 3664, Time: 00:21:23

Health: -2/36      AC:  5    Str:  7    XL:     6   Next: 65%
Magic:  4/12       EV: 13    Int: 18    God:    Okawaru [*.....]
Gold:   130        SH:  0    Dex: 19    Spells: 4 memorised, 3 levels left

rFire  . . .     SeeInvis .     b - +2 short sword (speed)
rCold  . . .     Clarity  .     w - +1 robe
rNeg   . . .     SustAt   .     (no shield)
rPois  .         Gourm    +     (no helmet)
rElec  .         Spirit   .     (no cloak)
rCorr  .         Warding  .     v - +1 pair of gloves {archery}
rMut   .         Stasis   .     (no boots)
MR     .....                    g - amulet of the gourmand
Stlth  +++.......               (no ring)
                                (no ring)

@: not resistant to hostile enchantments, fairly stealthy
A: no striking features
a: Heroism, Renounce Religion


You were on level 4 of the Dungeon.
You worshipped Okawaru.
Okawaru was aware of your devotion.
You were very full.

You visited 1 branch of the dungeon, and saw 4 of its levels.

You collected 130 gold pieces.

Inventory:

Hand weapons
 a - a +1 dagger
 b - a +2 short sword of speed (weapon)
 f - a +0 falchion
 C - a +0 short sword of electrocution
Missiles
 e - 9 arrows
Armour
 n - a +0 ring mail of poison resistance
 v - a +1 pair of gloves of archery (worn)
 w - a +1 robe (worn)
 A - the +2 hat of the High Council {Archmagi, Wiz- Stlth-}
   (You found it on level 4 of the Dungeon)

   It makes you less stealthy.
Jewellery
 g - an amulet of the gourmand (around neck)
 p - an uncursed ring of teleportation
 u - an uncursed amulet of rage
Scrolls
 i - 2 scrolls of remove curse
 k - 2 scrolls of enchant armour {unknown}
 x - a scroll of teleportation {unknown}
 y - a scroll of blinking {unknown}
 z - a scroll of fear {unknown}
 B - a scroll of enchant weapon {unknown}
 D - 2 scrolls of identify
Potions
 j - a potion of might
 l - a potion of heal wounds
 m - 2 potions of flight
 q - a potion of lignification
 s - 2 potions of haste
 t - a potion of agility {unknown}
Books
 c - a book of Maledictions

   Spells                             Type                      Level
   a - Corona                         Hexes                        1
   b - Ensorcelled Hibernation        Hexes/Ice                    2
   c - Confuse                        Hexes                        3
   d - Tukima's Dance                 Hexes                        3
   e - Dazzling Spray                 Conjuration/Hexes            3
Comestibles
 d - 2 bread rations
 h - 2 fruits
 o - 3 beef jerkies
 r - a meat ration


   Skills:
 * Level 4.8 Short Blades
 - Level 2.1 Dodging
 * Level 5.5 Stealth
 + Level 3.9 Spellcasting
 + Level 4.2 Hexes


You had 3 spell levels left.
You knew the following spells:

 Your Spells              Type           Power        Failure   Level  Hunger
a - Corona                Hex            ###....      2%          1    None
d - Tukima's Dance        Hex            ###.....     10%         3    ###....
i - Confuse               Hex            ###.....     10%         3    ###....
j - Ensorcelled Hibernat  Hex/Ice        ##....       12%         2    ##.....


Dungeon Overview and Level Annotations

Branches:
Dungeon (4/15)
 Temple: D:4-7

Altars:
Elyvilon
Gozag
Kikubaaqudgha
Okawaru
Qazlal
Yredelemnul

Shops:
D:4 %


Message History

Confirm with . or Enter, or press ? or * to list all spells.
Aiming: Ensorcelled Hibernation
Press: ? - help, Shift-Dir - straight line, f/p - iguana
Aim: an iguana (chance to defeat MR: 50%)
The iguana resists with some effort.
The iguana bites you!
You barely miss the iguana. The iguana barely misses you.
You completely miss the iguana. You hit the iguana but do no damage.
The iguana misses you.
You hit the iguana but do no damage. You hit the iguana.
The iguana is heavily wounded.
The iguana bites you!
* * * LOW HITPOINT WARNING * * *
Casting: Ensorcelled Hibernation
Confirm with . or Enter, or press ? or * to list all spells.
Aiming: Ensorcelled Hibernation
Press: ? - help, Shift-Dir - straight line, f/p - iguana
Aim: an iguana (heavily wounded, chance to defeat MR: 50%)
The iguana resists with some effort.
The iguana bites you!
You die...

▒∙∙∙∙▒ ▒∙∙▒▒▒∙∙▒ ▒▒∙∙∙∙∙∙∙∙∙∙
∙∙∙∙∙▒ ▒▒∙∙∙▒▒▒∙▒▒ ▒▒∙∙∙▒▒∙∙∙∙∙∙
▒∙∙∙∙∙▒ ▒∙∙∙∙∙▒▒∙∙▒▒▒∙∙∙▒▒▒▒▒▒∙∙∙
▒▒∙▒∙∙∙▒▒∙▒▒∙∙∙∙∙∙∙▒∙∙∙∙∙▒▒▒▒▒∙∙∙
▒∙∙∙∙∙∙∙∙∙▒▒∙∙∙∙∙∙∙∙▒∙∙∙∙∙▒▒∙∙∙∙
▒▒>▒▒∙∙∙∙∙∙∙∙∙∙∙∙∙∙∙▒▒∙∙∙∙▒▒∙∙∙∙∙
▒∙∙▒▒∙▒∙∙∙∙∙∙∙∙∙∙∙▒∙∙∙∙∙∙∙▒▒∙∙∙▒∙
▒∙∙▒▒∙▒∙∙∙∙∙∙∙∙▒∙∙∙∙∙∙∙∙∙∙∙∙∙∙▒▒▒
∙∙∙▒▒∙∙∙∙∙∙∙∙∙▒▒∙∙▒∙∙∙∙∙∙∙∙∙∙∙▒▒▒
∙∙∙▒∙∙∙∙∙∙∙∙∙▒∙▒∙∙▒∙∙∙∙∙▒▒▒▒∙∙∙▒▒
∙∙∙∙∙∙∙∙∙∙∙∙▒∙∙∙∙∙∙∙∙∙∙∙∙▒ ▒▒∙∙∙∙
▒▒∙∙∙▒∙∙∙∙∙∙∙∙▒∙∙∙∙∙∙∙∙∙∙▒▒▒∙∙∙∙∙
▒▒∙∙∙▒∙∙∙∙∙∙∙▒▒∙∙∙∙∙∙∙∙∙∙∙∙∙▒∙∙▒▒
▒▒∙∙∙▒∙▒▒▒∙∙∙∙∙∙∙∙∙∙∙∙∙∙∙▒▒▒▒∙∙▒∙
∙▒∙∙∙∙∙▒▒▒∙∙∙∙▒∙∙∙∙∙∙∙∙∙∙▒▒▒▒∙∙▒∙
∙∙∙▒∙∙∙∙∙∙∙∙∙∙∙∙∙∙∙∙∙∙∙∙∙∙∙∙∙∙∙∙∙
∙∙∙▒▒∙∙∙∙∙∙∙∙∙∙∙@∙▒∙∙∙∙∙∙∙∙∙∙∙▒▒∙
∙∙▒▒▒∙∙∙∙▒∙∙∙∙∙l∙∙∙∙∙∙∙∙∙∙∙▒∙∙∙▒∙
∙∙ ▒∙∙∙∙▒∙∙∙∙∙∙∙∙∙∙∙∙∙∙∙∙∙▒▒∙∙∙∙
∙∙ ∙∙∙∙∙∙∙∙∙∙∙∙∙∙∙∙∙∙∙∙∙∙∙▒▒∙∙∙∙
∙ ∙▒▒▒∙∙∙∙▒∙∙∙∙∙∙∙∙∙∙∙∙∙∙∙∙∙∙∙∙∙
∙ ∙∙∙∙▒∙∙∙∙∙∙∙▒∙∙∙∙▒▒∙∙∙∙∙∙∙ ∙
∙∙∙∙∙∙∙∙∙∙∙∙∙∙∙∙∙∙▒∙∙∙∙∙∙▒
∙∙∙∙∙∙∙∙∙∙∙∙▒▒∙∙∙∙∙∙▒▒▒
∙∙∙∙∙∙∙∙∙∙∙∙▒▒▒ ∙∙∙∙∙∙∙∙∙∙∙∙∙▒▒
▒∙∙∙∙∙∙∙▒▒∙▒ ∙∙∙∙▒∙∙∙▒▒▒∙
∙∙∙∙∙∙∙∙∙∙▒∙


∙∙∙∙∙∙∙∙∙∙∙∙ ∙▒∙▒∙∙∙∙∙∙∙▒ ▒▒∙∙∙∙∙∙∙▒▒▒ ▒∙∙∙∙∙∙∙▒▒ You could see an iguana.

Vanquished Creatures
  A phantom (D:4)
  The ghost of Illiel the Sneak, an average HEEn (D:3)
  An orc priest (D:4)
  An orc wizard (D:4)
  A worker ant (D:4)
  4 adders
  5 gnolls
  An ooze (D:2)
  2 worms
  8 orcs
  3 giant cockroaches
  8 goblins
  12 hobgoblins
  2 jackals (D:3)
  4 kobolds
  3 quokkas (D:3)
  A ball python (D:3)
  5 bats
  A giant gecko (D:3)
  4 giant newts
  5 rats
73 creatures vanquished.

Vanquished Creatures (collateral kills)
  An orc wizard (D:4)
  3 orcs
4 creatures vanquished.

Grand Total: 77 creatures vanquished

Notes
Turn   | Place    | Note
--------------------------------------------------------------
     0 | D:1      | Illiel the High Elf Enchanter began the quest for the Orb.
     0 | D:1      | Reached XP level 1. HP: 11/11 MP: 4/4
     6 | D:1      | Noticed a lindwurm
     6 | D:1      | Noticed an anaconda
     6 | D:1      | Noticed a black bear
     7 | D:1      | Noticed a wyvern
    28 | D:1      | Found an iron altar of Okawaru.
    46 | D:1      | Became a worshipper of Warmaster Okawaru
   334 | D:1      | Reached XP level 2. HP: 15/17 MP: 4/6
   338 | D:1      | Learned a level 2 spell: Ensorcelled Hibernation
   688 | D:1      | Reached XP level 3. HP: 18/21 MP: 4/7
   694 | D:1      | Learned a level 3 spell: Tukima's Dance
   751 | D:2      | Found an iron altar of Okawaru.
   751 | D:2      | Found a white marble altar of Elyvilon.
  1109 | D:1      | Reached skill level 4 in Stealth
  1109 | D:1      | Reached XP level 4. HP: 21/27 MP: 0/9
  1609 | D:2      | Found an opulent altar of Gozag.
  1609 | D:2      | Found a basalt altar of Yredelemnul.
  1610 | D:2      | Found an ancient bone altar of Kikubaaqudgha.
  1681 | D:2      | You fall through a shaft!
  2157 | D:2      | Learned a level 3 spell: Confuse
  2308 | D:3      | Reached XP level 5. HP: 31/31 MP: 1/10
  2496 | D:3      | Found a stormy altar of Qazlal.
  2520 | D:3      | Noticed Illiel's ghost (average HEEn)
  2547 | D:3      | Killed Illiel's ghost
  3135 | D:4      | Noticed a phantom
  3210 | D:4      | Found Latih's Food Shoppe.
  3224 | D:4      | Acquired Okawaru's first power
  3224 | D:4      | Reached skill level 5 in Stealth
  3224 | D:4      | Reached XP level 6. HP: 36/36 MP: 7/12
  3526 | D:4      | Killed a phantom
  3664 | D:4      | Slain by an iguana

Vault maps used:
D:1:      onia_arrival_zoo_common, serial_curves, eino_curves_02,
          eino_curves_04, okawaru_ov_weapons_minmay
D:2:      grunt_temple_overflow_open, kennysheep_generic_room_8
D:3:      lemuel_crystal_altar
D:4:      serial_shops, shop, first_bread, st_stairs_5

Action                   |  1- 3 |  4- 6 || total
-------------------------+-------+-------++-------
Melee: Dagger            |    49 |   122 ||   171
       Short sword       |       |    40 ||    40
 Cast: Corona            |     6 |     4 ||    10
       Ensorcelled Hiber |    18 |    33 ||    51
       Tukima's Dance    |       |     4 ||     4
       Confuse           |       |     4 ||     4
  Use: Scroll            |     5 |     1 ||     6
       Potion            |       |     6 ||     6
 Stab: Sleeping          |    16 |    31 ||    47
       Invisible         |       |     2 ||     2
       Distracted        |       |     1 ||     1
       Confused          |       |     3 ||     3
  Eat: Chunk             |     7 |    18 ||    25
